 Dungeon Crawl Stone Soup version 0.31-a0-819-gf6de2f5ab6 (webtiles) character file.

Game seed: 12513256695869325288

1837 qw the Skirmisher (level 9, -3/56 HPs)
             Began as a Gargoyle Hunter on Sept 23, 2023.
             Was an Initiate of Okawaru.
             Shot with a sling bullet by Joseph (21 damage)
             ... on level 7 of the Dungeon.
             The game lasted 00:02:29 (4856 turns).

qw the Skirmisher (Gargoyle Hunter)                 Turns: 4856, Time: 00:02:29

Health: -3/56      AC: 15    Str: 15    XL:     9   Next: 11%
Magic:  9/9        EV: 13    Int: 10    God:    Okawaru [......]
Gold:   294        SH:  0    Dex: 17    Spells: 8/8 levels left

rFire   . . .        Y - +3 shortbow
rCold   . . .        (shield currently unavailable)
rNeg    + + .        h - +2 robe {rN+}
rPois   inf          a - +1 helmet
rElec   +            (no cloak)
rCorr   .            f - +0 pair of gloves
SInv    .            i - +0 pair of boots
Will    .....        (no amulet)
Stlth   ++           (no ring)
HPRegen 0.29/turn    (no ring)
MPRegen 0.11/turn

%: no passive effects
@: no status effects
A: sickness immunity, AC +6, negative energy resistance 1, electricity
resistance, torment resistance 1, petrification resistance
a: Renounce Religion


You were on level 7 of the Dungeon.
You worshipped Okawaru.
Okawaru was noncommittal.
You visited 2 branches of the dungeon, and saw 8 of its levels.
You also visited: Ossuary.

You collected 294 gold pieces.


Innate Abilities, Weirdness & Mutations

You are immune to sickness and miasma.
Your stone body is resilient. (AC +6)
You are immune to poison.
You resist negative energy. (rN+)
You are resistant to electric shocks. (rElec)
You are resistant to unholy torment.
You are immune to petrification.


   Skills:
 + Level 6.3 Fighting
 - Level 10.0 Ranged Weapons
 - Level 2.6 Armour
 - Level 3.2 Dodging
 - Level 1.1 Stealth


You had 8 spell levels left.
You didn't know any spells.
Your spell library was empty.

Inventory:

Hand Weapons
 Y - a +3 shortbow (weapon)
Armour
 a - a +1 helmet (worn)
 f - a +0 pair of gloves (worn)
 h - a +2 robe of positive energy (worn)
 i - a +0 pair of boots (worn)
Scrolls
 g - a scroll of identify
Potions
 c - a potion of magic {unknown}
 d - 3 potions of curing
 e - a potion of invisibility {unknown}
 j - a potion of mutation {unknown}
 k - a potion of heal wounds {unknown}
 l - 2 potions of enlightenment
 n - a potion of berserk rage {unknown}
 o - a potion of might {unknown}

Dungeon Overview and Level Annotations

Branches:
Dungeon (7/15)             Temple (1/1) D:4         Ossuary (visited)

Altars:
Ashenzari
Cheibriados
Dithmenos
Elyvilon
Fedhas
Gozag
Hepliaklqana
Kikubaaqudgha
Makhleb
Nemelex Xobeh
Okawaru
Qazlal
Ru
Sif Muna
Uskayaw
Vehumet
Wu Jian
Xom
Yredelemnul
Zin
The Shining One

Shops:
D:5 *

Annotations:
D:7 Joseph


Message History

Press < or > to pray at altars.
4770 ||| PLANNING D:1-11 Press < or > to pray at altars.
b - a scroll of enchant weapon
4772 ||| READING scroll of enchant weapon.
As you read the scroll of enchant weapon, it crumbles to dust.
Your +2 shortbow glows red for a moment.
4772 ||| ENCHANTING +2 shortbow.
You see here a wand of iceblast (9).
Found a stone staircase leading up.
Enter note:
Enter note:
Found a pair of gloves.
You now have 294 gold pieces (gained 11).
Joseph, a Mercenary comes into view.
He is wielding a +2 quarterstaff of speed.
Found a potion of degeneration.
Enter note:
Enter note:
Enter note: You shoot an arrow.
The arrow hits Joseph.
Joseph is lightly wounded.
Joseph unwields a +2 quarterstaff of speed.
Joseph wields a +3 sling of electrocution.
You hear the crackle of electricity.
Joseph shoots a sling bullet.
The sling bullet closely misses you.
You shoot an arrow. The arrow hits Joseph!
Joseph is lightly wounded.
Joseph shoots a sling bullet.
The sling bullet hits you!!
You shoot an arrow. The arrow hits Joseph!
Joseph is moderately wounded.
You shoot an arrow. The arrow closely misses Joseph.
Joseph shoots a sling bullet.
The sling bullet hits you.
You shoot an arrow. The arrow hits Joseph!
Joseph is moderately wounded.
You shoot an arrow. The arrow closely misses Joseph.
Joseph shoots a sling bullet.
The sling bullet hits you!
You shoot an arrow. The arrow hits Joseph.
Joseph is heavily wounded.
Joseph shoots a sling bullet.
The sling bullet hits you!!
You die...

#..........#...##
....##......##......##
....#.......####.....#
#......[............##
.............#.....##
............##.#..##
.@.....###...###.##
........#...## ###
.......@..#.#
.........####
.........# .........#
#........# !.#......#
. ########


You could see Joseph.

Vanquished Creatures
  2 ice beasts (D:5)
  A sky beast (D:6)
  2 ogres (D:5)
  3 phantoms
  2 kobold brigands
  4 scorpions
  3 water moccasin zombies (Ossuary)
  A howler monkey (D:5)
  2 hounds (D:5)
  3 jellies
  A sleepcap (D:5)
  An iguana (D:6)
  Terence (D:2)
  Natasha (thrice) (D:2)
  3 mummies
  7 gnolls
  5 adders
  A shadow imp (D:5)
  4 ufetubi
  2 adder zombies (Ossuary)
  A worm (D:2)
  A dart slug (D:2)
  7 orcs
  5 bats
  5 endoplasms
  2 giant cockroaches
  A gnoll zombie (Ossuary)
  7 goblins
  2 hobgoblins (D:3)
  8 jackals
  3 quokkas
  6 ball pythons
  2 frilled lizards
  8 hobgoblin zombies
  20 kobolds
  7 kobold zombies (Ossuary)
  6 orc zombies
  6 rats
148 creatures vanquished.

Notes
Turn   | Place    | Note
-------+----------+-------------------------------------------
     0 | D:1      | qw the Gargoyle Hunter began the quest for the Orb.
     0 | D:1      | Reached XP level 1. HP: 12/12 MP: 1/1
     0 | D:1      | 0 ||| qw: Version: 0.3-a-83-gcd0e7d8
     0 | D:1      | 0 ||| qw: Game counter: 1749
     0 | D:1      | 0 ||| qw: Melee chars always use a shield: true
     0 | D:1      | 0 ||| qw: God list: Okawaru
     0 | D:1      | 0 ||| qw: Allow faded altars: false
     0 | D:1      | 0 ||| qw: Do Orc after clearing Dungeon:15 true
     0 | D:1      | 0 ||| qw: Do second Lair branch before Depths: true
     0 | D:1      | 0 ||| qw: Lair rune preference: random
     0 | D:1      | 0 ||| qw: Goals: Normal
     0 | D:1      | 0 ||| PLANNING D:1-11
   229 | D:1      | Found a faded altar of an unknown god.
   334 | D:1      | Reached XP level 2. HP: 17/17 MP: 2/2
   678 | D:1      | 678 ||| UPGRADING to +0 ring mail.
   688 | D:1      | 688 ||| DROPPING +0 leather armour.
   689 | D:1      | 689 ||| UPGRADING to +2 robe of positive energy.
   699 | D:1      | 699 ||| DROPPING +0 ring mail.
   700 | D:1      | 700 ||| READING scroll labelled UWKARA FOXT.
   701 | D:1      | 701 ||| READING scroll labelled XOANIUTUDD.
   704 | D:1      | 704 ||| READING scroll labelled QEM CEERCHOWNUT.
   705 | D:1      | 705 ||| DROPPING scroll of butterflies.
   798 | D:2      | Reached XP level 3. HP: 21/21 MP: 3/3
   848 | D:2      | Reached skill level 5 in Ranged Weapons
  1116 | D:2      | Noticed Natasha
  1135 | D:2      | HP: 1/22 [Natasha (5)]
  1137 | D:2      | Killed Natasha
  1138 | D:2      | Reached skill level 3 in Fighting
  1138 | D:2      | Reached XP level 4. HP: 3/28 MP: 4/4
  1290 | D:2      | Noticed Natasha
  1303 | D:2      | Killed Natasha
  1530 | D:2      | Noticed Natasha
  1533 | D:2      | 1533 ||| FLEEEEING.
  1534 | D:2      | 1534 ||| FLEEEEING.
  1540 | D:2      | 1540 ||| STAIRDANCE
  1558 | D:1      | 1558 ||| UPGRADING to +0 helmet.
  1563 | D:1      | 1563 ||| READING scroll labelled ULACRE HIALYOLL.
  1564 | D:1      | 1564 ||| DRINKING 2 murky white potions.
  1577 | D:2      | Killed Natasha
  1578 | D:2      | Reached XP level 5. HP: 30/32 MP: 5/5
  1600 | D:2      | Noticed Terence
  1609 | D:2      | Killed Terence
  1610 | D:2      | Reached skill level 6 in Ranged Weapons
  1721 | D:2      | 1721 ||| UPGRADING to +0 pair of gloves.
  1758 | D:3      | 1758 ||| STAIRDANCE
  1838 | D:3      | Found a hide-covered altar of Uskayaw.
  1913 | D:3      | Reached skill level 1 in Armour
  2244 | D:3      | Found a shadowy altar of Dithmenos.
  2244 | D:3      | Found a white marble altar of Elyvilon.
  2269 | D:3      | 2269 ||| READING scroll labelled QUJACI GUQUL.
  2344 | D:4      | Found a staircase to the Ecumenical Temple.
  2345 | D:4      | 2345 ||| PLANNING TEMPLE
  2345 | D:4      | 2345 ||| READING scroll labelled FISEAW XYHIEPN.
  2346 | D:4      | 2346 ||| READING 2 scrolls of identify.
  2346 | D:4      | 2346 ||| IDENTIFYING dark potion
  2347 | D:4      | 2347 ||| DROPPING potion of attraction.
  2357 | Temple   | Entered the Ecumenical Temple
  2358 | Temple   | 2358 ||| PLANNING D:1-11
  2410 | D:4      | Reached XP level 6. HP: 39/39 MP: 6/6
  2478 | D:4      | 2478 ||| READING scroll labelled SATORIM DOSUNO.
  2478 | D:4      | Found an ornate altar of the Wu Jian Council.
  2761 | D:4      | 2761 ||| UPGRADING to +1 helmet.
  2771 | D:4      | 2771 ||| DROPPING +0 helmet.
  2772 | D:4      | 2772 ||| UPGRADING to +0 pair of boots.
  2783 | D:5      | Entered Level 5 of the Dungeon
  2784 | D:5      | 2784 ||| PLANNING OSSUARY
  2793 | D:5      | 2793 ||| STAIRDANCE
  2840 | D:5      | Reached skill level 7 in Ranged Weapons
  2840 | D:5      | Reached XP level 7. HP: 40/44 MP: 7/7
  2937 | D:5      | Found a sand-covered staircase.
  2988 | D:5      | 2988 ||| READING 3 scrolls labelled KELAIFOACU.
  3089 | D:5      | 3089 ||| DROPPING 2 scrolls of silence.
  3093 | Ossuary  | Entered an ossuary
  3332 | Ossuary  | Reached skill level 8 in Ranged Weapons
  3406 | Ossuary  | 3406 ||| READING scroll of enchant weapon.
  3406 | Ossuary  | 3406 ||| ENCHANTING +1 shortbow.
  3409 | Ossuary  | 3409 ||| DRINKING 2 red potions.
  3410 | Ossuary  | 3410 ||| DRINKING 2 metallic pink potions.
  3411 | Ossuary  | 3411 ||| DRINKING 2 fizzy red potions.
  3444 | Ossuary  | 3444 ||| DROPPING potion of degeneration.
  3445 | Ossuary  | 3445 ||| DROPPING potion of lignification.
  3452 | D:5      | 3452 ||| PLANNING D:1-11
  3509 | D:5      | You fall into a shaft and drop 1 floor!
  3687 | D:5      | Found an opulent altar of Gozag.
  3692 | D:5      | Found Gozag's Platinum Reserve.
  3706 | D:5      | 3706 ||| SHOPLISTING +1 leather armour "Huh Numm" {Regen+}
                  | (1400 gold, have 230).
  3706 | D:5      | 3706 ||| SHOPLISTING ring "Biaheoje" {Drain Fly rElec
                  | Dex+4} (3430 gold, have 230).
  3706 | D:5      | 3706 ||| SHOPLISTING ring "Oqid" {Ice Will+} (3760 gold,
                  | have 230).
  3706 | D:5      | 3706 ||| SHOPLISTING ring "Xaaroha" {rF+ Str+5 Dex+2} (4670
                  | gold, have 230).
  3737 | D:5      | Reached XP level 8. HP: 48/49 MP: 8/8
  3758 | D:5      | Reached skill level 9 in Ranged Weapons
  3820 | D:5      | Reached skill level 6 in Fighting
  3824 | D:5      | 3824 ||| FLEEEEING.
  4193 | D:6      | Found a blossoming altar of Fedhas.
  4193 | D:6      | Found a snail-covered altar of Cheibriados.
  4301 | D:6      | Found a sacrificial altar of Ru.
  4336 | D:6      | Reached skill level 10 in Ranged Weapons
  4366 | D:6      | Reached XP level 9. HP: 50/56 MP: 9/9
  4594 | D:6      | 4594 ||| READING 2 scrolls labelled WATEES IGRARO.
  4595 | D:6      | 4595 ||| READING 2 scrolls of identify.
  4595 | D:6      | 4595 ||| IDENTIFYING black potion
  4596 | D:6      | 4596 ||| DROPPING potion of brilliance.
  4597 | D:6      | 4597 ||| DROPPING scroll of poison.
  4765 | D:7      | Reached skill level 3 in Dodging
  4766 | D:7      | Found an iron altar of Okawaru.
  4767 | D:7      | 4767 ||| PLANNING OKAWARU WORSHIP
  4769 | D:7      | Became a worshipper of Warmaster Okawaru
  4770 | D:7      | 4770 ||| PLANNING D:1-11
  4772 | D:7      | 4772 ||| READING scroll of enchant weapon.
  4772 | D:7      | 4772 ||| ENCHANTING +2 shortbow.
  4849 | D:7      | Noticed Joseph
  4856 | D:7      | Shot with a sling bullet by Joseph

Levels and vault maps discovered:
D:1:      elethiomel_arrival_infinity_welcomes_careful_drivers,
          layout_loops_cross, hellmonk_ecumenical_altar_blasted
D:2:      layout_loops_ring, uniq_terence, uniq_natasha
D:3:      layout_rooms, mainiacjoe_overflow_brackets,
          nicolae_overflow_two_pavilions, amcnicky_mini_pool_small
D:4:      layout_rooms, marbit_many_paths, minmay_temple_entry_nine_rooms,
          serial_glass, glass_columns_a, glass_columns_c, glass_columns_b,
          glass_columns_a, glass_columns_c, glass_columns_a, glass_columns_a,
          glass_columns_b, due_unseen_surprise
D:5:      layout_rooms, nicolae_gozag_zags_fifth_avenue,
          nicolae_ossuary_entry_giza, hangedman_decor_diamond_cutter
D:6:      layout_cave_pools, old_standard_altar,
          chequers_temple_overflow_statue_of_worship
D:7:      layout_cave_pools, trog_book, okawaru_trees_2, uniq_joseph,
          uniq_menkaure
Temple:   hc_temple_tempest_star

Skill      XL: |  1  2  3  4  5  6  7  8  9 |
---------------+----------------------------+-----
Ranged Weapons | 5 6 7 8 10 | 10.0
Fighting       | 3 4 5 6 |  6.3
Armour         | 1 2 |  2.6
Dodging        | 2 3 |  3.2
Stealth        | |  1.1

Action                     |  1- 3 |  4- 6 |  7- 9 || total
---------------------------+-------+-------+-------++-------
   Fire: Shortbow          |   122 |   156 |   367 ||   645
    Use: Scroll            |     3 |     5 |     5 ||    13
         Potion            |       |     1 |     3 ||     4
 Armour: Leather armour    |    14 |       |       ||    14
         Robe              |    27 |    36 |   137 ||   200
  Dodge: Dodged            |    38 |    23 |    95 ||   156

Table legend:
 A = Non-vault XP
 B = Vault XP
 C = Vault XP percentage of total XP
 D = Non-vault monster count
 E = Vault monster count
 F = Vault count percentage of total count
                 A         B        C        D         E       F
            +---------+---------+-------+---------+---------+-------
      Total |    2237 |     388 |  14.8 |     115 |      33 |  22.3
            +---------+---------+-------+---------+---------+-------
        D:1 |      17 |       0 |   0.0 |      12 |       0 |   0.0
        D:2 |     137 |      74 |  35.1 |      26 |       2 |   7.1
        D:3 |      49 |       0 |   0.0 |      16 |       0 |   0.0
        D:4 |     163 |       2 |   1.2 |      13 |       1 |   7.1
        D:5 |    1098 |      20 |   1.8 |      20 |       3 |  13.0
        D:6 |     544 |       0 |   0.0 |      19 |       0 |   0.0
        D:7 |     229 |       0 |   0.0 |       9 |       0 |   0.0
    Ossuary |       0 |     292 | 100.0 |       0 |      27 | 100.0
            +---------+---------+-------+---------+---------+-------
